 Dungeon Crawl Stone Soup version 0.17-a0-483-g810ce3f (webtiles) character file.

3110 Fluffy the Blocker (level 9, -1/82 HPs)
             Began as a Minotaur Fighter on Apr 8, 2015.
             Slain by a killer bee (6 damage)
             ... on level 6 of the Dungeon.
             The game lasted 00:21:25 (6205 turns).

Fluffy the Blocker (Minotaur Fighter)               Turns: 6205, Time: 00:21:25

Health: -1/82      AC: 14    Str: 21    XL:     9   Next: 60%
Magic:  8/8        EV:  5    Int:  5    God:
Gold:   273        SH: 12    Dex: 13    Spells: 0 memorised, 8 levels left

rFire  . . .     SeeInvis .     a - +1 long sword
rCold  . . .     Clarity  .     B - +0 plate armour
rNeg   + . .     SustAb   .     c - +1 shield
rPois  .         Gourm    .     (helmet restricted)
rElec  .         Spirit   .     (no cloak)
rCorr  .         Warding  +     (no gloves)
rMut   .         Stasis   .     (no boots)
MR     .....                    k - amulet of warding
Stlth  ..........               (no ring)
                                (no ring)

@: lethally poisoned (-1 -> -5), not resistant to hostile enchantments,
extremely unstealthy
A: retaliatory headbutt, horns 2
a: no special abilities


You were on level 6 of the Dungeon.
You were very hungry.

You visited 1 branch of the dungeon, and saw 6 of its levels.
You also visited: Sewer.

You collected 273 gold pieces.

Inventory:

Hand weapons
 a - a +1 long sword (weapon)
Armour
 c - a +1 shield (worn)
 B - a +0 plate armour (worn)
Jewellery
 k - an amulet of warding (around neck)
Magical devices
 n - a wand of digging (0)
 w - a wand of polymorph (18)
Scrolls
 b - 5 scrolls of recharging
 h - 3 scrolls of identify
 j - 4 scrolls of immolation
 m - 2 scrolls of magic mapping
 s - a scroll of enchant armour
 x - a scroll of teleportation
 y - a scroll of remove curse
Potions
 e - 4 potions of might
 f - a potion of cure mutation
 l - 2 potions of heal wounds
 o - 2 potions of brilliance
 p - a potion of agility
 q - a potion of flight
 r - a potion of ambrosia
 u - a potion of haste
 v - 4 potions of magic
 z - a potion of berserk rage
Comestibles
 d - 4 bread rations
 g - 2 meat rations
 i - a slice of pizza
 A - 3 fruits


   Skills:
 + Level 8.8 Fighting
 + Level 8.6 Long Blades
 + Level 8.9 Armour
 + Level 8.9 Shields


You had 8 spell levels left.
You didn't know any spells.

Dungeon Overview and Level Annotations

Branches:
Dungeon (6/15)
 Temple: D:4-7

Altars:
Ru


Innate Abilities, Weirdness & Mutations

You reflexively headbutt those who attack you in melee.
You have a pair of horns on your head.


Message History

You feel sick. The killer bee stings you.
* * * LOW HITPOINT WARNING * * *
The killer bee stings you but does no damage.
You closely miss the killer bee.
You feel sick. You block the killer bee's attack.
The killer bee barely misses you.
You barely miss the killer bee.
You feel sick. The killer bee barely misses you. You furiously retaliate!
You headbutt the killer bee. You block the killer bee's attack.
You closely miss the killer bee.
The killer bee is moderately wounded.
You feel sick. You block the killer bee's attack. The killer bee stings you.
* * * LOW HITPOINT WARNING * * *
You hit the killer bee.
The killer bee is heavily wounded.
You feel sick. The killer bee completely misses you. You furiously retaliate!
You headbutt the killer bee. You block the killer bee's attack.
You miss the killer bee.
The killer bee is severely wounded.
You feel sick. The killer bee stings you.
You die...

...)...##.##
#...[...#
.......##..##
###.....#
.......###..###
##....# .......#
##...### #.####
.......# #......#
#.######## .......#
#......##
####.##......
.).....# #.......#
#<....#.#####
.......#
#######y#######.##.#
# .......#
#...@....# #....#
.......# #........#
#..### ########
#........# #..#
#........# #..#
#........# #..#
######'### .>.. ..
....# ... .#.##
....#


You could see a killer bee.

Vanquished Creatures
  Pikel (D:4)
  Grinder (D:3)
  4 orc warriors (D:6)
  2 phantoms
  An ice beast (D:5)
  The ghost of emiel the Ruffian, an average NaTm (D:4)
  A slave (D:4)
  A centaur (D:6)
  An ogre (D:6)
  Blork the orc (D:6)
  A big kobold (D:6)
  3 giant frogs
  5 killer bees (D:6)
  A goliath beetle (D:6)
  2 orc wizards
  A crimson imp (D:6)
  A hound (D:5)
  A gnoll shaman (D:5)
  5 orc priests
  An iguana (D:5)
  7 worker ants
  A worker ant zombie (D:5)
  12 adders
  7 gnolls
  10 river rats (Sewer)
  A shadow imp (D:6)
  5 worms
  An adder zombie (D:6)
  5 giant geckos
  An ooze (Sewer)
  18 orcs
  9 bats
  2 bat skeletons
  8 goblins
  10 hobgoblins
  8 jackals
  17 ball pythons
  6 giant cockroaches
  4 giant newts
  11 kobolds
  29 rats
207 creatures vanquished.

Notes
Turn   | Place    | Note
--------------------------------------------------------------
     0 | D:1      | Fluffy, the Minotaur Fighter, began the quest for the Orb.
     0 | D:1      | Reached XP level 1. HP: 19/19 MP: 0/0
   150 | D:1      | Reached XP level 2. HP: 27/27 MP: 1/1
   346 | D:1      | Reached skill level 4 in Fighting
   590 | D:1      | Reached XP level 3. HP: 31/33 MP: 2/2
   744 | D:2      | Reached XP level 4. HP: 26/41 MP: 3/3
  1287 | D:3      | Noticed Grinder
  1302 | D:3      | Killed Grinder
  1302 | D:3      | Reached skill level 5 in Fighting
  1302 | D:3      | Reached skill level 5 in Shields
  1302 | D:3      | Reached XP level 5. HP: 38/48 MP: 4/4
  1302 | D:3      | Reached XP level 6. HP: 44/56 MP: 5/5
  1380 | D:3      | Reached skill level 5 in Armour
  1724 | D:3      | Found a sacrificial altar of Ru.
  2105 | D:4      | Reached skill level 5 in Long Blades
  2259 | D:4      | Noticed emiel's ghost (average NaTm)
  2267 | D:4      | Noticed Pikel
  2270 | D:4      | Killed emiel's ghost
  2270 | D:4      | Reached XP level 7. HP: 55/62 MP: 6/6
  2703 | D:4      | Reached skill level 6 in Fighting
  2722 | D:4      | Killed Pikel
  2722 | D:4      | Reached XP level 8. HP: 51/71 MP: 7/7
  2742 | D:5      | Entered Level 5 of the Dungeon
  2851 | D:5      | Found a glowing drain.
  2856 | Sewer    | Entered a sewer
  2887 | Sewer    | Reached skill level 7 in Shields
  4500 | D:6      | Noticed Blork the orc
  4504 | D:6      | Killed Blork the orc
  4582 | D:6      | Reached skill level 8 in Shields
  4582 | D:6      | Reached XP level 9. HP: 39/81 MP: 8/8
  6205 | D:6      | Slain by a killer bee

Action                   |  1- 3 |  4- 6 |  7- 9 || total
-------------------------+-------+-------+-------++-------
Melee: Long sword        |    76 |   131 |   483 ||   690
       Unarmed           |       |       |     2 ||     2
  Use: Scroll            |       |    11 |     9 ||    20
       Potion            |       |       |     3 ||     3
  Eat: Chunk             |       |     5 |    12 ||    17
